 Dungeon Crawl Stone Soup version 0.19.1-1-g22dce08 (webtiles) character file.

12485 gruggo the Cleaver (level 11, -3/89 HPs)
             Began as a Demonspawn Berserker on Jan 3, 2017.
             Was an Elder of Trog.
             Slain by an orc warrior
             ... wielding a +0 glaive
              (17 damage)
             ... on level 12 of the Dungeon.
             The game lasted 00:49:35 (9230 turns).

gruggo the Cleaver (Demonspawn Berserker)           Turns: 9230, Time: 00:49:36

Health: -3/89      AC: 13    Str: 20    XL:     11   Next: 63%
Magic:  5/14       EV: 14    Int:  8    God:    Trog [****..]
Gold:   443        SH:  3    Dex: 14    Spells: 0 memorised, 10 levels left

rFire  . . .     SeeInvis .     H - +0 battleaxe (freeze)
rCold  + . .     Gourm    .     A - +3 scale mail {rC+}
rNeg   + . .     Faith    .     (shield currently unavailable)
rPois  +         Spirit   .     m - +1 hat
rElec  .         Reflect  +     O - +0 cloak {rPois}
rCorr  .         Harm     .     (no gloves)
MR     ++...                    (no boots)
Stlth  ..........               K - +3 amulet of reflection
                                n - ring of positive energy
                                g - +3 ring of evasion

@: exhausted, regenerating, slowed, very slow
A: claws 1, hooves 2, horns 2, powered by death 1, spiny 1
a: Berserk, Trog's Hand, Brothers in Arms, Burn Spellbooks, Renounce Religion


You were on level 12 of the Dungeon.
You worshipped Trog.
Trog was greatly pleased with you.
You were very hungry.

You visited 1 branch of the dungeon, and saw 12 of its levels.

You collected 651 gold pieces.
You spent 208 gold pieces at shops.

Inventory:

Hand Weapons
 o - a +0 morningstar
 H - a +0 battleaxe of freezing (weapon)
 U - the +5 battleaxe "Gex Uneo" {chop, *Slow Dex+4}
   (You found it on level 12 of the Dungeon)

   It inflicts extra damage upon your enemies.
   It affects your dexterity (+4).
   It may slow you when you take damage.
Missiles
 t - 8 tomahawks of dispersal
 v - 4 javelins of penetration (quivered)
Armour
 m - a +1 hat (worn)
 r - a +2 robe of magic resistance
 A - a +3 scale mail of cold resistance (worn)
 O - a +0 cloak of poison resistance (worn)
Rods
 N - a -2 rod of inaccuracy (13/13)
   (You found it on level 12 of the Dungeon)
Jewellery
 g - a +3 ring of evasion (left claw)
 n - a ring of positive energy (right claw)
 K - a +3 amulet of reflection (around neck)
Wands
 j - a wand of flame (1/48)
 q - a wand of paralysis (12/24)
 I - a wand of lightning (5/15)
 S - a wand of flame (25/48)
 W - a wand of flame (24/48)
 Y - a wand of paralysis (8/24)
Scrolls
 a - a scroll of recharging
 b - 6 scrolls of remove curse
 s - 4 scrolls of identify
 u - a scroll of teleportation
 B - 3 scrolls of magic mapping
 C - 2 scrolls of blinking
 E - 3 scrolls of fog
 J - a scroll of fear
 L - 3 scrolls of enchant weapon
 Q - a scroll of vulnerability {unknown}
Potions
 e - 2 potions of agility
 h - 7 potions of heal wounds
 i - 3 potions of lignification
 l - 2 potions of might
 p - 2 potions of flight
 w - a potion of resistance
 x - 3 potions of haste
 z - 11 potions of curing
 G - a potion of ambrosia
 M - a potion of beneficial mutation {unknown}
 R - a potion of mutation {unknown}
 T - a potion of magic {unknown}
 X - a potion of degeneration {unknown}
Books
 y - a book of Necromancy

   Spells                             Type                      Level
   a - Pain                           Necromancy                   1
   b - Animate Skeleton               Necromancy                   1
   c - Vampiric Draining              Necromancy                   3
   d - Regeneration                   Charms/Necromancy            3
   e - Animate Dead                   Necromancy                   4
   f - Control Undead                 Necromancy                   4
   Trog disapproves of the use of such an item.
 D - a book of Power

   Spells                             Type                      Level
   a - Fulminant Prism                Conjuration/Hexes            4
   b - Iskenderun's Mystic Blast      Conjuration                  4
   c - Venom Bolt                     Conjuration/Poison           5
   d - Bolt of Magma                  Conjuration/Fire/Earth       5
   e - Iron Shot                      Conjuration/Earth            6
   f - Orb of Destruction             Conjuration                  7
   g - Spellforged Servitor           Conjuration/Summoning        7
   Trog disapproves of the use of such an item.
 P - a book of Conjurations

   Spells                             Type                      Level
   a - Magic Dart                     Conjuration                  1
   b - Searing Ray                    Conjuration                  2
   c - Dazzling Spray                 Conjuration/Hexes            3
   d - Fulminant Prism                Conjuration/Hexes            4
   e - Iskenderun's Mystic Blast      Conjuration                  4
   f - Iskenderun's Battlesphere      Conjuration/Charms           5
   Trog disapproves of the use of such an item.
Comestibles
 c - 11 bread rations
 d - 5 meat rations
 f - 4 beef jerkies
 F - 11 royal jellies


   Skills:
 + Level 9.5 Fighting
 * Level 12.0 Axes
 + Level 8.4 Armour
 - Level 2.0 Dodging
 + Level 4.7 Evocations


You had 10 spell levels left.
You didn't know any spells.

Dungeon Overview and Level Annotations

Branches:
Dungeon (12/15)            Temple (0/1) D:5            Lair (0/6) D:11
    Orc (0/2) D:11

Altars:
Cheibriados
Fedhas
Gozag
Hepliaklqana
Makhleb
Okawaru
Qazlal
Ru
Trog
Uskayaw
Vehumet
Xom
Yredelemnul

Shops:
D:4 !


Innate Abilities, Weirdness & Mutations

You have sharp fingernails.
You have hoof-like feet.
You have a pair of horns on your head.
You regenerate a little health from kills.
You are partially covered in sharp spines.


Message History

You are no longer berserk.
You are exhausted.
You feel yourself slow down. The orc warrior closely misses you.
The orc warrior barely misses you. You block the orc warrior's attack.
Items here: (( )))) [ †† Unknown command.
Your scale mail prevents you from hitting the orc warrior.
You kick the orc warrior, but do no damage.
You headbutt the orc warrior.
The orc warrior is lightly wounded.
Your scale mail prevents you from hitting the orc warrior.
You barely miss the orc warrior.
The orc warrior hits you with a halberd!
* * * LOW HITPOINT WARNING * * *
The orc warrior closely misses you. x2; The orc warrior misses you.
The orc warrior closely misses you.
The orc warrior is struck by your spines.
The orc warrior closely misses you. The orc warrior misses you.
The orc warrior hits you from afar with a glaive!
You die...

..................#####..####
............................#
................(...........#
.............#.#.#.#........#
...............)((..........#
.............###'###........#
......#.#######)(.#######.#.#
........# #.(.# #...#
.......## ##@## ##..#
.......# #8o8# #..# .......#
#...ooooo...# #..# ####...#
#.##o.o..##.# #..# #...#
##...## #..# ##..# #...# #..#
#..# ..... #..# #####..#
..... #..# #......# .......
#..#


You could see 8 orc warriors.

Vanquished Creatures
  A hydra (D:11)
  A centaur warrior (D:12)
  The ghost of sveltemanboy the Destroyer, a novice DrCj of Vehumet (D:9)
  A deep elf knight (D:12)
  2 hill giants
  An ugly thing (D:11)
  A manticore (D:11)
  A cyclops (D:11)
  Joseph (D:9)
  Maurice (D:8)
  Psyche (D:8)
  A hornet (D:12)
  2 trolls
  A two-headed ogre (D:10)
  3 shadows
  A wyvern (D:10)
  3 hungry ghosts
  2 hell hounds (D:11)
  9 orc warriors
  2 ice beasts
  2 sky beasts
  2 ogres
  A phantom (D:11)
  7 centaurs
  A crocodile (D:10)
  2 big kobolds
  2 bullfrogs
  3 scorpions
  12 killer bees
  4 howler monkeys
  6 crimson imps
  A bullfrog zombie (D:12)
  7 orc priests
  5 jellies
  5 orc wizards
  3 hounds
  2 centaur skeletons (D:7)
  2 iguanas
  An iron imp (D:7)
  2 worker ants
  A mummy (D:4)
  A worker ant zombie (D:10)
  A howler monkey zombie (D:11)
  6 gnolls
  A howler monkey skeleton (D:4)
  15 adders
  2 shadow imps
  6 oozes
  An adder zombie (D:9)
  6 worms
  2 dart slugs (D:1)
  6 leopard geckos
  32 orcs
  A ball python (D:2)
  4 giant cockroaches
  8 goblins
  7 hobgoblins
  19 jackals
  3 quokkas
  7 bats
  5 frilled lizards
  A hobgoblin zombie (D:4)
  11 kobolds
  A kobold zombie (D:4)
  2 orc zombies (D:4)
  A quokka zombie (D:6)
  6 rats (D:1)
262 creatures vanquished.

Vanquished Creatures (collateral kills)
  Erolcha (D:9)
  A centaur warrior (D:12)
  A giant cockroach (D:7)
  A quokka (D:8)
4 creatures vanquished.

Grand Total: 266 creatures vanquished

Notes
Turn   | Place    | Note
-------+----------+-------------------------------------------
     0 | D:1      | gruggo the Demonspawn Berserker began the quest for the Orb.
     0 | D:1      | Reached XP level 1. HP: 18/18 MP: 1/1
   182 | D:1      | Reached skill level 3 in Axes
   182 | D:1      | Gained mutation: You have sharp fingernails. [demonic ancestry]
   182 | D:1      | Reached XP level 2. HP: 14/24 MP: 2/2
   771 | D:2      | Reached XP level 3. HP: 27/29 MP: 3/3
   871 | D:2      | Reached ** piety under Trog
  1304 | D:2      | Gained mutation: You have a pair of small horns on your head. [demonic ancestry]
  1304 | D:2      | Reached XP level 4. HP: 34/35 MP: 4/4
  1458 | D:2      | Found a hide-covered altar of Uskayaw.
  1474 | D:2      | Reached skill level 4 in Axes
  1738 | D:2      | Found a stormy altar of Qazlal.
  1741 | D:2      | Found a sacrificial altar of Ru.
  1747 | D:2      | Found a basalt altar of Yredelemnul.
  2108 | D:3      | Reached *** piety under Trog
  2128 | D:3      | Found a bloodstained altar of Trog.
  2191 | D:3      | Gained mutation: You regenerate a little health from kills. [demonic ancestry]
  2191 | D:3      | Reached XP level 5. HP: 42/42 MP: 5/5
  2939 | D:4      | Found a blossoming altar of Fedhas.
  3203 | D:4      | Found Veusuotyext's Distillery.
  3208 | D:4      | Bought a potion of heal wounds for 65 gold pieces
  3208 | D:4      | Bought a potion of curing for 39 gold pieces
  3208 | D:4      | Bought a potion of heal wounds for 65 gold pieces
  3208 | D:4      | Bought a potion of curing for 39 gold pieces
  3232 | D:4      | Gained mutation: You are partially covered in sharp spines. [demonic ancestry]
  3232 | D:4      | Reached XP level 6. HP: 48/48 MP: 6/6
  3267 | D:4      | Found a hazy altar of Hepliaklqana.
  3362 | D:4      | Reached skill level 5 in Axes
  3491 | D:5      | Entered Level 5 of the Dungeon
  3683 | D:5      | Found a staircase to the Ecumenical Temple.
  4247 | D:6      | Found a burning altar of Makhleb.
  4248 | D:6      | Noticed a sky beast
  4259 | D:6      | Killed a sky beast
  4259 | D:6      | Gained mutation: You have a pair of horns on your head. [demonic ancestry]
  4259 | D:6      | Reached XP level 7. HP: 33/55 MP: 7/7
  4456 | D:6      | Reached **** piety under Trog
  4456 | D:6      | Reached skill level 6 in Axes
  5059 | D:7      | Reached skill level 5 in Fighting
  5136 | D:7      | Reached XP level 8. HP: 62/62 MP: 8/8
  5345 | D:7      | Reached skill level 7 in Axes
  5458 | D:7      | Found a snail-covered altar of Cheibriados.
  5592 | D:7      | Found a radiant altar of Vehumet.
  5627 | D:7      | Found a shimmering altar of Xom.
  5676 | D:8      | Reached skill level 5 in Armour
  5715 | D:8      | Noticed Psyche
  5725 | D:8      | Killed Psyche
  5828 | D:8      | Reached skill level 8 in Axes
  5980 | D:8      | Gained mutation: You have large cloven feet. [demonic ancestry]
  5980 | D:8      | Reached XP level 9. HP: 70/71 MP: 9/9
  6317 | D:8      | Noticed Maurice
  6328 | D:8      | Killed Maurice
  6406 | D:8      | Reached skill level 9 in Axes
  6542 | D:9      | Noticed Erolcha
  6546 | D:9      | Killed Erolcha
  6592 | D:9      | Found an opulent altar of Gozag.
  6677 | D:9      | Noticed sveltemanboy's ghost (novice DrCj)
  6688 | D:9      | Killed sveltemanboy's ghost
  6744 | D:9      | Gained mutation: You have hoof-like feet. [demonic ancestry]
  6744 | D:9      | Reached XP level 10. HP: 79/79 MP: 10/10
  6817 | D:9      | Noticed Joseph
  6824 | D:9      | Killed Joseph
  6824 | D:9      | Reached skill level 10 in Axes
  7146 | D:10     | Entered Level 10 of the Dungeon
  7202 | D:10     | Noticed a hill giant
  7209 | D:10     | Killed a hill giant
  7314 | D:10     | Reached skill level 1 in Evocations
  7501 | D:10     | Received a gift from Trog
  7846 | D:11     | Found a staircase to the Lair.
  7938 | D:11     | Found a staircase to the Orcish Mines.
  7939 | D:11     | Noticed a manticore
  7948 | D:11     | Reached skill level 11 in Axes
  7956 | D:11     | Killed a manticore
  8007 | D:11     | Noticed an eight-headed hydra
  8011 | D:11     | Noticed a cyclops
  8016 | D:11     | Killed an eight-headed hydra
  8016 | D:11     | Reached XP level 11. HP: 49/87 MP: 11/13
  8408 | D:11     | Noticed a white ugly thing
  8418 | D:11     | Killed a white ugly thing
  8778 | D:12     | Reached ***** piety under Trog
  8884 | D:12     | Got a shimmering battleaxe
  8885 | D:12     | Identified the +5 battleaxe "Gex Uneo" {chop, *Slow Dex+4} (You found it on level 12 of the Dungeon)
  8924 | D:12     | Received a gift from Trog
  8940 | D:12     | Found an iron altar of Okawaru.
  8940 | D:12     | Noticed a centaur warrior
  8940 | D:12     | Noticed an orc knight
  9192 | D:12     | Noticed a deep elf knight
  9192 | D:12     | Noticed a centaur warrior
  9195 | D:12     | Killed a centaur warrior
  9201 | D:12     | Killed a centaur warrior
  9211 | D:12     | Noticed a hill giant
  9219 | D:12     | Killed a hill giant
  9226 | D:12     | Killed a deep elf knight
  9226 | D:12     | Reached skill level 12 in Axes
  9230 | D:12     | Slain by an orc warrior

Skill      XL: |  1  2  3  4  5  6  7  8  9 10 11 |
---------------+----------------------------------+-----
Axes           | 3 4 5 6 8 9 11 12 | 12.0
Armour         | 2 3 4 5 6 7 8 |  8.4
Dodging        | 2 |  2.0
Fighting       | 4 5 6 7 8 9 |  9.5
Evocations     | 2 4 |  4.7

Action                   |  1- 3 |  4- 6 |  7- 9 | 10-12 || total
-------------------------+-------+-------+-------+-------++-------
Melee: Hand axe          |   114 |   164 |       |       ||   278
       Headbutt          |       |    29 |    30 |    39 ||    98
       War axe           |       |    10 |   194 |    14 ||   218
       Kick              |       |       |    34 |    62 ||    96
       Battleaxe         |       |       |       |   178 ||   178
       Morningstar       |       |       |       |     7 ||     7
Invok: Berserk           |     4 |     7 |     9 |     8 ||    28
       Brothers in Arms  |       |       |     4 |     4 ||     8
       Trog's Hand       |       |       |       |     5 ||     5
       Burn Spellbooks   |       |       |       |     1 ||     1
Evoke: Wand              |       |       |       |     2 ||     2
  Use: Scroll            |       |     3 |    17 |       ||    20
       Potion            |       |       |       |     2 ||     2
 Stab: Sleeping          |     1 |       |       |       ||     1
       Distracted        |       |       |     1 |       ||     1
  Eat: Chunk             |     5 |     8 |    15 |    10 ||    38
       Meat ration       |       |     2 |       |     2 ||     4
Armor: Animal skin       |     8 |       |       |       ||     8
       Ring mail         |    13 |    27 |       |       ||    40
       Scale mail        |       |     9 |    65 |    75 ||   149
Dodge: Dodged            |    97 |    94 |   101 |   144 ||   436
Block: Other             |       |       |    10 |    22 ||    32
       Reflection        |       |       |     1 |     2 ||     3
